 Dungeon Crawl Stone Soup version 0.29-a0-275-g389c0b56f3 (webtiles) character file.

Game seed: 12642183625372591798

63 davidthevgamer991 the Cudgeller (level 3, 0/29 HPs)
             Began as a Demonspawn Berserker on Mar 9, 2022.
             Was a Believer of Trog.
             Slain by IdlyInterested's ghost (3 damage)
             ... on level 3 of the Dungeon.
             The game lasted 00:14:33 (2273 turns).

davidthevgamer991 the Cudgeller (DsBe)              Turns: 2273, Time: 00:14:42

Health: 0/29       AC:  5    Str: 19    XL:     3   Next: 87%
Magic:  3/3        EV: 11    Int:  8    God:    Trog [**....]
Gold:   137        SH:  0    Dex: 12    Spells: 2/2 levels left

rFire   . . .      SeeInvis .   j - +2 short sword (speed)
rCold   . . .      Faith    .   (no shield)
rNeg    . . .      Spirit   .   d - +0 ring mail
rPois   .          Reflect  .   (no helmet)
rElec   .          Harm     .   (no cloak)
rCorr   .          Rampage  .   (no gloves)
Will    .....                   (no boots)
Stlth   ..........              (no amulet)
HPRegen 0.09/turn               (no ring)
MPRegen 0.08/turn               (no ring)

@: silenced
A: hooves 1, ignite blood 1
a: Renounce Religion


You were on level 3 of the Dungeon.
You worshipped Trog.
Trog was pleased with you.
You visited 1 branch of the dungeon, and saw 3 of its levels.

You collected 137 gold pieces.

Inventory:

Hand Weapons
 a - a +0 mace
 g - a +4 short sword of venom
 j - a +2 short sword of speed (weapon)
 q - a +2 dagger of venom
 t - a +3 mace
Missiles
 c - 87 stones (quivered)
Armour
 b - a +0 animal skin
 d - a +0 ring mail (worn)
 r - a +0 leather armour
 s - a +0 scale mail
Scrolls
 i - 3 scrolls of identify {unknown}
 k - a scroll of teleportation {unknown}
 l - a scroll of blinking {unknown}
 n - a scroll of noise {unknown}
 o - a scroll of magic mapping {unknown}
 p - a scroll of brand weapon {unknown}
 u - a scroll of vulnerability {unknown}
Potions
 e - a potion of resistance {unknown}
 m - a potion of mutation {unknown}


   Skills:
 + Level 3.5 Fighting
 + Level 0.3 Short Blades
 + Level 3.5 Maces & Flails
 + Level 2.3 Armour
 + Level 1.9 Dodging
 + Level 0.1 Stealth


You had 2 spell levels left.
You didn't know any spells.
Your spell library was empty.

Dungeon Overview and Level Annotations

Branches:
Dungeon (3/15)

Altars:

Annotations:
D:3 Bravepunisher's ghost, weakling SpMo; Cecur's ghost, amateur DrCj; IdlyInterested's ghost, amateur DsGl; seaofthunder's ghost, amateur HOFi


Innate Abilities, Weirdness & Mutations

You have large cloven feet.
Your demonic aura sometimes causes spilled blood to erupt in flames.


Message History

You barely miss IdlyInterested's ghost.
You kick IdlyInterested's ghost, but do no damage.
You hit IdlyInterested's ghost but do no damage.
Your kick misses IdlyInterested's ghost.
Your punch misses IdlyInterested's ghost.
IdlyInterested's ghost barely misses you.
Seaofthunder's ghost hits you!
You writhe in agony.
Seaofthunder's ghost closely misses you.
IdlyInterested's ghost holds its blade at the ready.
It was a potion of heal wounds.
You feel much better.
Bravepunisher's ghost hits you but does no damage.
You hit seaofthunder's ghost.
Seaofthunder's ghost is lightly damaged.
Cecur's ghost casts a spell at you. The magic dart hits you!
Seaofthunder's ghost hits you but does no damage.
You hit seaofthunder's ghost but do no damage.
Seaofthunder's ghost is lightly damaged.
You hit Bravepunisher's ghost.
Bravepunisher's ghost is moderately damaged.
Cecur's ghost hits you but does no damage.
IdlyInterested's ghost barely misses you.
Bravepunisher's ghost barely misses you.
Seaofthunder's ghost closely misses you.
You barely miss Bravepunisher's ghost.
Bravepunisher's ghost is moderately damaged.
Bravepunisher's ghost hits you but does no damage.
Cecur's ghost points at you and mumbles some strange words.
The magic dart hits you. IdlyInterested's ghost hits you!
Seaofthunder's ghost hits you.
You writhe in agony.
* * * LOW HITPOINT WARNING * * *
Okay, then.
As you read the scroll labelled IXKUOCK FYEDUKK, it crumbles to dust.
A profound silence engulfs you.
It was a scroll of silence.
Cecur's ghost barely misses you. Seaofthunder's ghost hits you.
* * * LOW HITPOINT WARNING * * *
Bravepunisher's ghost hits you but does no damage.
IdlyInterested's ghost hits you.
You die...

.....# #.# # ##.##
...###...###
...........######
...###..[###[8(?##
# ##.#..#....8#
#.#..#.....(
#WW..'.....♣
#@W..'.....⌠
#W#..'.....♣
#.#..#.$...[
#.#..#....8#
#.####.8$!## #.#
##### #.# #.#


You could see Bravepunisher's ghost, Cecur's ghost, IdlyInterested's ghost and
seaofthunder's ghost.

Vanquished Creatures
  2 adders (D:2)
  A worm (D:2)
  A dart slug (D:1)
  5 ball pythons
  2 endoplasms (D:1)
  2 giant cockroaches (D:1)
  3 goblins
  3 hobgoblins (D:1)
  4 quokkas
  4 bats
  A frilled lizard (D:1)
  7 kobolds
  2 rats
  A bush (D:1)
38 creatures vanquished.

Vanquished Creatures (others)
  2 demonic plants (D:1)
  A plant (D:1)
3 creatures vanquished.

Grand Total: 41 creatures vanquished

Notes
Turn   | Place    | Note
-------+----------+-------------------------------------------
     0 | D:1      | davidthevgamer991 the Demonspawn Berserker began the quest
                  | for the Orb.
     0 | D:1      | Reached XP level 1. HP: 18/18 MP: 1/1
   233 | D:1      | Gained mutation: Your demonic aura sometimes causes spilled
                  | blood to erupt in flames. [demonic ancestry]
   233 | D:1      | Reached XP level 2. HP: 23/24 MP: 2/2
   896 | D:1      | Reached ** piety under Trog
   979 | D:1      | Gained mutation: You have large cloven feet. [demonic
                  | ancestry]
   979 | D:1      | Reached XP level 3. HP: 29/29 MP: 3/3
  2244 | D:3      | Found a runed translucent gate.
  2245 | D:3      | Found a runed translucent gate.
  2245 | D:3      | Found a runed translucent gate.
  2247 | D:3      | Noticed Bravepunisher's ghost (weakling SpMo)
  2247 | D:3      | Noticed Cecur's ghost (amateur DrCj)
  2249 | D:3      | Noticed IdlyInterested's ghost (amateur DsGl)
  2251 | D:3      | Noticed seaofthunder's ghost (amateur HOFi)
  2273 | D:3      | Slain by IdlyInterested's ghost

Illustrated notes

Levels and vault maps discovered:
D:1:      wander_arrival_abandoned_jail, layout_basic,
          dreamdust_ecumenical_altar_sealed_demon, serial_forest,
          infiniplex_forest_clump_curved, infiniplex_forest_end_2,
          infiniplex_forest_pool, infiniplex_forest_straight_2,
          infiniplex_forest_clump_diagonal, infiniplex_forest_clump_long
D:2:      layout_basic, uniq_crazy_yiuf_cottage
D:3:      cheibrodos_helix_gallery, layout_loops_corners,
          mainiacjoe_overflow_boulevard, gammafunk_ghost_cemetery, uniq_robin

Skill      XL: |  1  2 |
---------------+-------+-----
Maces & Flails | 3 |  3.5
Armour         | 2 |  2.3
Fighting       | |  3.5
Short Blades   | |  0.3
Dodging        | |  1.9
Stealth        | |  0.1

Action                   || total
-------------------------++-------
Melee: Mace              ||    58
       Short sword       ||    90
       Punch             ||     3
       Kick              ||     6
  Use: Scroll            ||     1
       Potion            ||     1
Armor: Ring mail         ||    54
       Animal skin       ||     1
Dodge: Dodged            ||    97

Table legend: (Time is in decaauts)
 A = Elapsed time spent in this place.
 B = Non-inter-level travel time spent in this place.
 C = Inter-level travel time spent in this place.
 D = Time resting spent in this place.
 E = Time spent auto-exploring this place.
 F = Levels seen in this place.
 G = Mean time per level.
                   A        B        C        D        E       F      G
               +--------+--------+--------+--------+--------+-----+--------+
         Total |   2293 |   2293 |      0 |      0 |      0 |   3 |  764.3 |
       Dungeon |   2293 |   2293 |      0 |      0 |      0 |   3 |  764.3 |
               +--------+--------+--------+--------+--------+-----+--------+

Top non-repeatable levels by time:
     D:1: 1163 daAuts
     D:2: 1085 daAuts
     D:3: 44 daAuts
